AoeStats
← BKampen

Pilgrims

508553045Analyzed
4v4 RM · 9d ago on Sep 23, 2026· 55m 46s· 8 players
Game mode
Random Map
Map size
Large (8 player)
Population
200
Speed
Normal
Resources
Standard
Victory
Conquest
Starting age
Dark Age
Ending age
Imperial Age
RankedLock teamsTeams togetherTeam positionsShared explorationLock speedFull tech treeHidden civsTurbo modeCheats
Victory
Defeat
🇺🇸 Japanese · United States
797
+23
🇺🇸 Varangians · United States
736
+12
🇺🇸 Britons · United States
718
+13
🇺🇸 Khmer · United States
655
+15
🇲🇽 Franks · Mexico
724
-15
🇵🇪 Vikings · Peru
721
-15
🇧🇷 Chinese · Brazil
629
-12
🇨🇴 Franks · Colombia
523
-8
reality
7:09 Loom
16:14 Feudal Age
16:58 Stone Mining
16:51 Fishing Lines
18:45 Double-Bit Axe
27:34 Castle Age
28:50 Bow Saw
28:23 Horse Collar
28:38 Gold Mining
28:45 Gillnets
29:08 Medium Warships
29:05 Fletching
31:16 Heavy Plow
31:11 Town Watch
31:52 Caravan
33:47 Town Patrol
35:25 Gold Shaft Mining
35:34 Bodkin Arrow
37:32 Coinage
41:32 Imperial Age
39:28 Ballistics
39:06 Heated Shot
42:44 Banking
43:38 Chemistry
42:51 Siphons
42:57 Bracer
45:01 Conscription
44:57 Clinker Construction
45:01 Careening
44:19 Elite Longship
46:50 Crop Rotation
47:21 Two-Man Saw
46:51 Carvel Hull
47:05 Heavy Warships
47:51 Scale Barding Armor
47:57 Forging
47:50 Scale Mail Armor
49:16 Iron Casting
51:37 Chain Mail Armor
52:23 Blast Furnace
54:58 Elite Berserk
55:45 Chieftains
56:17 Plate Mail Armor
Jorjão
6:38 Loom
15:15 Feudal Age
17:32 Gold Mining
19:57 Bloodlines
20:55 Wheelbarrow
20:56 Town Watch
21:58 Double-Bit Axe
22:55 Town Watch
27:24 Castle Age
26:08 Horse Collar
30:33 Gold Shaft Mining
31:54 Hand Cart
31:34 Stone Mining
32:23 Heavy Plow
34:22 Town Patrol
36:57 Bow Saw
37:15 Thumb Ring
37:13 Padded Archer Armor
37:03 Fletching
40:30 Imperial Age
38:15 Caravan
38:57 Leather Archer Armor
38:39 Bodkin Arrow
40:01 Pikeman
40:41 Squires
40:27 Arson
41:54 Ring Archer Armor
41:24 Bracer
43:06 Ballistics
43:49 Chemistry
42:46 Murder Holes
43:42 Conscription
42:43 Elite Chu Ko Nu
45:27 Stone Shaft Mining
45:40 Halberdier
53:16 Scale Mail Armor
53:26 Forging
54:59 Two-Man Saw
55:42 Chain Mail Armor
56:02 Iron Casting
alangb_par
16:10 Feudal Age
14:32 Loom
16:52 Double-Bit Axe
17:22 Gold Mining
19:54 Man-at-Arms
20:19 Arson
21:03 Scale Mail Armor
21:14 Forging
21:13 Scale Barding Armor
27:20 Castle Age
28:31 Bow Saw
28:18 Stone Mining
29:03 Gold Shaft Mining
28:15 Pikeman
28:41 Gambesons
28:57 Squires
29:29 Chain Mail Armor
29:50 Iron Casting
29:37 Chain Barding Armor
42:50 Imperial Age
45:04 Chemistry
49:20 Ballistics
51:04 Fletching
51:15 Padded Archer Armor
MONSEkatish
4:26 Loom
13:03 Feudal Age
16:38 Double-Bit Axe
18:46 Wheelbarrow
25:03 Castle Age
28:56 Husbandry
28:20 Light Cavalry
29:30 Stone Mining
29:31 Gold Mining
30:27 Scale Barding Armor
31:47 Gold Shaft Mining
31:25 Bow Saw
32:54 Hand Cart
38:47 Imperial Age
36:25 Town Watch
40:41 Cavalier
42:52 Town Patrol
48:28 Paladin
XIROCRONIX
4:05 Loom
11:10 Feudal Age
12:47 Wheelbarrow
12:31 Double-Bit Axe
13:13 Town Watch
14:42 Gold Mining
14:42 Man-at-Arms
17:37 Stone Mining
22:11 Castle Age
22:49 Scale Mail Armor
23:00 Forging
22:56 Scale Barding Armor
24:39 Horse Collar
24:23 Long Swordsman
25:05 Squires
24:51 Gambesons
24:52 Arson
26:35 Heavy Plow
27:02 Crossbowman
31:15 Iron Casting
30:41 Padded Archer Armor
32:05 Ballistics
33:15 Thumb Ring
33:16 Murder Holes
33:20 Fletching
36:37 Bloodlines
36:30 Husbandry
42:55 Hand Cart
43:34 Chain Mail Armor
43:36 Leather Archer Armor
49:37 Imperial Age
50:14 Elite Samurai
51:17 Conscription
51:23 Kataparuto
BKampen
4:51 Loom
12:10 Feudal Age
13:51 Wheelbarrow
13:08 Double-Bit Axe
13:05 Horse Collar
13:26 Man-at-Arms
16:12 Forging
16:03 Scale Mail Armor
16:17 Arson
19:43 Castle Age
19:00 Gold Mining
19:01 Stone Mining
20:48 Bow Saw
20:53 Long Swordsman
22:04 Gambesons
22:26 Fishing Lines
23:41 Gillnets
26:45 Squires
27:26 Iron Casting
27:06 Chain Mail Armor
31:37 Stone Shaft Mining
31:25 Hand Cart
31:51 Heavy Plow
32:05 Medium Warships
32:55 Fervor
32:54 Scale Barding Armor
32:59 Pikeman
36:00 Caravan
36:43 Guard Tower
36:34 Treadmill Crane
37:15 Ballistics
41:27 Imperial Age
39:52 Masonry
39:33 Heated Shot
39:42 Murder Holes
41:36 Gothikon
42:43 Conscription
44:08 Elite Varangian Guard
47:41 Two-Man Saw
46:08 Elite Jarl
47:54 Blast Furnace
47:25 Plate Mail Armor
47:33 Elite Longship
52:06 Vendel Legacy
53:14 Chain Barding Armor
jedi
10:01 Loom
12:32 Feudal Age
13:56 Fishing Lines
16:38 Wheelbarrow
16:03 Gold Mining
16:01 Double-Bit Axe
18:55 Castle Age
18:36 Man-at-Arms
19:47 Forging
19:38 Scale Mail Armor
21:29 Hand Cart
20:40 Long Swordsman
21:06 Gambesons
21:21 Squires
22:00 Iron Casting
21:40 Chain Mail Armor
22:45 Ballistics
23:02 Bow Saw
22:35 Horse Collar
23:10 Gillnets
23:18 Fletching
23:28 Padded Archer Armor
28:32 Gold Shaft Mining
27:48 Stone Mining
28:02 Heavy Plow
30:46 Imperial Age
29:32 Bodkin Arrow
29:53 Leather Archer Armor
31:46 Bracer
32:16 Ring Archer Armor
32:13 Conscription
33:07 Chemistry
33:26 Two-Man Saw
35:01 Yeomen
36:13 Blast Furnace
35:43 Plate Mail Armor
34:43 Two-Handed Swordsman
38:14 Champion
42:39 Elite Longbowman
46:25 Warwolf
dlwag77
3:08 Loom
12:19 Feudal Age
13:07 Double-Bit Axe
13:05 Fishing Lines
13:28 Horse Collar
15:46 Wheelbarrow
17:38 Forging
17:19 Fletching
17:35 Scale Barding Armor
17:47 Gold Mining
21:18 Castle Age
22:09 Bloodlines
22:19 Light Cavalry
23:00 Husbandry
24:38 Iron Casting
24:24 Chain Barding Armor
24:42 Bodkin Arrow
25:30 Hand Cart
25:09 Man-at-Arms
28:04 Town Watch
28:25 Long Swordsman
36:21 Imperial Age
33:52 Town Patrol
33:56 Scale Mail Armor
35:00 Pikeman
36:02 Chain Mail Armor
40:20 Bracer
41:21 Blast Furnace
40:51 Heavy Scorpion
41:56 Conscription
45:02 Ballistics
44:17 Halberdier
44:24 Hussar
45:47 Plate Barding Armor
48:30 Siege Engineers
49:26 Chemistry
48:31 Double Crossbow
50:23 Gold Shaft Mining
49:41 Stone Mining
50:10 Halberdier
54:12 Capped Ram
Connection lost

Rejoining the realm…

Still unreachable

The connection could not be restored.

Session expired

The server has moved on; the page needs a fresh start.